 Dungeon Crawl Stone Soup version 0.22-a0-322-g60b3cfd (webtiles) character file.

22 xccam the Magician (level 2, -1/23 HPs)
             Began as a Gnoll Wanderer on Apr 3, 2018.
             Slain by a jackal (2 damage)
             ... on level 2 of the Dungeon.
             The game lasted 00:01:35 (957 turns).

xccam the Magician (Gnoll Wanderer)                  Turns: 957, Time: 00:01:35

Health: -1/23      AC:  8    Str: 15    XL:     2   Next: 91%
Magic:  7/7        EV:  9    Int: 15    God:
Gold:   37         SH:  0    Dex: 12    Spells: 10/10 levels left

rFire    . . .     SeeInvis .   d - +0 club
rCold    . . .     Gourm    .   (no shield)
rNeg     . . .     Faith    .   a - +2 scale mail
rPois    .         Spirit   .   (no helmet)
rElec    .         Reflect  .   (no cloak)
rCorr    .         Harm     .   (no gloves)
MR       .....                  (no boots)
Stlth    ..........             (no amulet)
HPRegen  0.07/turn              (no ring)
MPRegen  0.10/turn              (no ring)

@: no status effects
A: distributed training, fangs 1, strong nose
a: no special abilities


You were on level 2 of the Dungeon.
You were not hungry.

You visited 1 branch of the dungeon, and saw 2 of its levels.

You collected 37 gold pieces.

Inventory:

Hand Weapons
 d - a +0 club (weapon)
Missiles
 c - 2 poisoned javelins (quivered)
Armour
 a - a +2 scale mail (worn)
Jewellery
 e - a +4 ring of strength {unknown}
Scrolls
 i - a scroll of enchant weapon {unknown}
 j - a scroll of fog {unknown}
 l - a scroll of teleportation {unknown}
 m - a scroll of remove curse {unknown}
 n - 2 scrolls of enchant armour {unknown}
Potions
 b - 2 potions of lignification {unknown}
 g - a potion of resistance {unknown}
 h - a potion of flight {unknown}
 k - 3 potions of brilliance {unknown}
 o - a potion of agility {unknown}
Comestibles
 f - 5 rations


   Skills:
 + Level 2.5 Fighting
 + Level 0.5 Short Blades
 + Level 0.5 Long Blades
 + Level 0.5 Axes
 + Level 0.5 Maces & Flails
 + Level 0.5 Polearms
 + Level 0.5 Staves
 + Level 0.5 Slings
 + Level 0.5 Bows
 + Level 2.5 Crossbows
 + Level 2.5 Throwing
 + Level 2.5 Armour
 + Level 0.5 Dodging
 + Level 0.5 Stealth
 + Level 2.5 Shields
 + Level 0.5 Unarmed Combat
 + Level 4.9 Spellcasting
 + Level 0.4 Conjurations
 + Level 0.4 Hexes
 + Level 0.4 Charms
 + Level 2.0 Summonings
 + Level 0.4 Necromancy
 + Level 0.4 Translocations
 + Level 0.4 Transmutations
 + Level 3.7 Fire Magic
 + Level 0.4 Ice Magic
 + Level 0.4 Air Magic
 + Level 0.4 Earth Magic
 + Level 0.4 Poison Magic
 + Level 0.7 Invocations
 + Level 0.5 Evocations


You had 10 spell levels left.
You didn't know any spells.

Dungeon Overview and Level Annotations

Branches:
Dungeon (2/15)

Altars:


Innate Abilities, Weirdness & Mutations

Your experience applies equally to all skills.
You have very sharp teeth.
Your uncanny sense of smell can sniff out nearby items.


Message History

The jackal barely misses you. The jackal closely misses you.
The kobold hits you. The jackal barely misses you. The bat barely misses you.
The kobold hits you but does no damage. The jackal barely misses you.
The jackal bites you but does no damage.
The bat hits you but does no damage. The jackal barely misses you. x2
The kobold hits you.
The jackal bites you but does no damage.
The bat hits you but does no damage. The kobold misses you.
The bat barely misses you.
The jackal bites you but does no damage. x2
The jackal closely misses you. The kobold hits you but does no damage.
The bat hits you but does no damage. The kobold hits you with a short sword.
* * * LOW HITPOINT WARNING * * *
A worm comes into view.
The jackal bites you but does no damage.
The bat hits you but does no damage. The jackal bites you.
* * * LOW HITPOINT WARNING * * *
The jackal bites you.
You die...

#............ .
#............ .
#........... .#
#.........####.#
#..........(...#
+..............#
#..............#
####.......(.bK...#
#......######@h...#
#...........hKh...#
#.........#..h.......
#.........#.####....#
#.(.......#. w...#
#......####. ....#
#......# # ...#
#......# ..#
####......####


You could see a worm, 4 jackals, a bat and 2 kobolds.

Vanquished Creatures
  A leopard gecko (D:1)
  4 ball pythons
  3 bats (D:1)
  A giant cockroach (D:1)
  A goblin (D:1)
  3 hobgoblins (D:1)
  A frilled lizard (D:1)
  2 kobolds (D:1)
  5 rats
21 creatures vanquished.

Notes
Turn   | Place    | Note
-------+----------+-------------------------------------------
     0 | D:1      | xccam the Gnoll Wanderer began the quest for the Orb.
     0 | D:1      | xccam set off with: a +2 scale mail, a +0 club, a ration
     0 | D:1      | Reached XP level 1. HP: 17/17 MP: 6/6
   134 | D:1      | Reached XP level 2. HP: 22/23 MP: 7/7
   957 | D:2      | HP: 1/23 [jackal (3)]
   957 | D:2      | Slain by a jackal

Vault maps used:
D:1:      eino_arrival_cavern_e
D:2:      minmay_wonky_spiral, lemuel_round_altar, lemuel_round_altar,
          lemuel_doored_altar

Skill      XL: |  1 |
---------------+----+-----
Summonings     | 2 |  2.0
Fighting       | |  2.5
Short Blades   | |  0.5
Long Blades    | |  0.5
Axes           | |  0.5
Maces & Flails | |  0.5
Polearms       | |  0.5
Staves         | |  0.5
Slings         | |  0.5
Bows           | |  0.5
Crossbows      | |  2.5
Throwing       | |  2.5
Armour         | |  2.5
Dodging        | |  0.5
Stealth        | |  0.5
Shields        | |  2.5
Unarmed Combat | |  0.5
Spellcasting   | |  4.9
Conjurations   | |  0.4
Hexes          | |  0.4
Charms         | |  0.4
Necromancy     | |  0.4
Translocations | |  0.4
Transmutations | |  0.4
Fire Magic     | |  3.7
Ice Magic      | |  0.4
Air Magic      | |  0.4
Earth Magic    | |  0.4
Poison Magic   | |  0.4
Invocations    | |  0.7
Evocations     | |  0.5

Action                   || total
-------------------------++-------
Melee: Club              ||    86
       Bite              ||     7
Armor: Scale mail        ||    78
Dodge: Dodged            ||    81

Table legend:
 A = Spawn XP
 B = Non-spawn XP
 C = Spawn XP percentage of total XP
 D = Spawn monster count
 E = Non-spawn monster count
 F = Spawn count percentage of total count
 G = Total turns spent on level
                    A         B        C        D         E        F      G
               +---------+---------+-------+---------+---------+-------+---------
         Total |       0 |      32 |   0.0 |       0 |      21 |   0.0 |   957
               +---------+---------+-------+---------+---------+-------+---------
           D:1 |       0 |      29 |   0.0 |       0 |      18 |   0.0 |   886
           D:2 |       0 |       3 |   0.0 |       0 |       3 |   0.0 |    71
               +---------+---------+-------+---------+---------+-------+---------
